 Dungeon Crawl Stone Soup version 0.17-a0-1979-g1c74939 (webtiles) character file.

814 Shim the Grasshopper (level 7, -6/46 HPs)
             Began as a High Elf Warper on Oct 5, 2015.
             Shot with an arrow of flame by a centaur (9 damage)
             ... on level 5 of the Dungeon.
             The game lasted 00:38:32 (9659 turns).

Shim the Grasshopper (High Elf Warper)              Turns: 9659, Time: 00:38:32

Health: -6/46      AC:  5    Str: 10    XL:     7   Next: 62%
Magic:  20/23      EV: 14    Int: 18    God:
Gold:   160        SH:  0    Dex: 16    Spells: 5 memorised, 4 levels left

rFire  . . .     SeeInvis .     r - +2 dagger (freeze)
rCold  . . .     Clarity  .     b - +0 leather armour
rNeg   . . .     SustAt   .     (no shield)
rPois  .         Gourm    .     q - +1 helmet
rElec  .         Spirit   .     (no cloak)
rCorr  .         Warding  .     (no gloves)
rMut   .         Stasis   .     (no boots)
MR     .....                    (no amulet)
Stlth  ++........               s - ring of magical power
                                A - ring of flight

@: portal projectile, not resistant to hostile enchantments, unstealthy
A: no striking features
a: Evoke Flight


You were on level 5 of the Dungeon.
You were not hungry.

You visited 1 branch of the dungeon, and saw 5 of its levels.

You collected 160 gold pieces.

Inventory:

Hand Weapons
 a - a +0 short sword
 r - a +2 dagger of freezing (weapon)
Missiles
 e - 2 tomahawks of dispersal
 g - 140 stones
 o - 14 arrows of frost
 K - 4 tomahawks (quivered)
 M - a throwing net
 N - 7 javelins
Armour
 b - a +0 leather armour (worn)
 q - a +1 helmet (worn)
Jewellery
 n - an uncursed ring of positive energy
 s - a ring of magical power (right hand)
 A - a ring of flight (left hand)
Wands
 F - a wand of heal wounds (3)
Scrolls
 d - a scroll of blinking
 h - 3 scrolls of enchant armour {unknown}
 i - 2 scrolls of noise {unknown}
 j - 3 scrolls of identify
 l - 3 scrolls of random uselessness {unknown}
 p - 2 scrolls of immolation {unknown}
 u - 2 scrolls of recharging {unknown}
 v - a scroll of fog {unknown}
 x - 2 scrolls of remove curse {unknown}
 y - 3 scrolls of teleportation {unknown}
 z - a scroll of fear {unknown}
Potions
 k - a potion of heal wounds {unknown}
 m - 2 potions of mutation {unknown}
 B - 3 potions of brilliance {unknown}
 C - a potion of degeneration {unknown}
 D - a potion of flight {unknown}
 E - a potion of invisibility {unknown}
 G - a potion of might {unknown}
 H - a potion of poison {unknown}
 I - a potion of magic {unknown}
 J - a potion of cure mutation {unknown}
 L - 2 potions of curing {unknown}
Books
 c - a book of Spatial Translocations

   Spells                             Type                      Level
   a - Apportation                    Translocation                1
   b - Blink                          Translocation                2
   c - Shroud of Golubria             Charms/Translocation         2
   d - Portal Projectile              Translocation                3
   e - Teleport Other                 Translocation                3
   f - Passage of Golubria            Translocation                4
Comestibles
 f - 2 bread rations
 t - 2 chunks of flesh
 w - 2 slices of pizza


   Skills:
 + Level 3.2 Fighting
 + Level 3.2 Short Blades
 + Level 2.7 Throwing
 + Level 2.5 Armour
 + Level 4.6 Dodging
 + Level 1.2 Stealth
 + Level 4.6 Spellcasting
 + Level 2.4 Charms
 + Level 5.2 Translocations


You had 4 spell levels left.
You knew the following spells:

 Your Spells              Type           Power        Failure   Level  Hunger
a - Apportation           Tloc           ###.......   2%          1    None
b - Blink                 Tloc           N/A          3%          2    #......
c - Shroud of Golubria    Chrm/Tloc      ###.......   6%          2    #......
d - Portal Projectile     Tloc           ###...       10%         3    ###....
e - Teleport Other        Tloc           ###.....     10%         3    ###....


Dungeon Overview and Level Annotations

Branches:
Dungeon (5/15)
 Temple: D:4-7

Altars:
Ashenzari
Cheibriados
Fedhas
Makhleb
Qazlal
Yredelemnul


Message History

The centaur shoots an arrow of flame.
The arrow of flame hits you. The arrow of flame burns you.
* * * LOW HITPOINT WARNING * * *
Throwing (i - inventory. (,) - cycle):
K - 5 tomahawks (quivered)
Press: ? - help, Shift-Dir - straight line, f - centaur
Aim: a centaur, wielding a shortbow You magically throw a tomahawk.
The tomahawk hits the centaur.
The centaur is moderately wounded.
The centaur shoots an arrow of flame.
The arrow of flame hits you.
* * * LOW HITPOINT WARNING * * *
The arrow of flame burns you.
* * * LOW HITPOINT WARNING * * *
The centaur shoots an arrow of flame.
The arrow of flame misses you.
The centaur shoots an arrow of flame.
The arrow of flame hits you.
* * * LOW HITPOINT WARNING * * *
The arrow of flame burns you.
* * * LOW HITPOINT WARNING * * *
You see here 2 arrows of flame.
The centaur shoots an arrow of flame.
The arrow of flame hits you!
You die...

##########
######......<.# #
#......#...@..###.#
#.####.#......#.#.###
#.##.................
#.##.#.#..........#
#.##.#.#..........#
#......######(#.#...
####.#....(.(c#.###
#...c.####### #
#.....#


You could see a centaur.

Vanquished Creatures
  The ghost of WildSam the Caller, an amateur DsSu of Gozag (D:4)
  A scorpion (D:4)
  An orc priest (D:4)
  2 hounds
  3 iguanas (D:4)
  An orc wizard (D:3)
  A worker ant (D:4)
  A giant frog skeleton (D:4)
  4 gnolls (D:2)
  12 adders
  4 oozes
  8 worms
  5 giant geckos
  17 orcs
  2 ball pythons
  9 bats
  7 giant cockroaches
  9 goblins
  6 hobgoblins
  2 jackals (D:3)
  15 kobolds
  3 giant newts
  2 gnoll zombies (D:3)
  2 quokkas (D:3)
  12 rats
130 creatures vanquished.

Notes
Turn   | Place    | Note
--------------------------------------------------------------
     0 | D:1      | Shim the High Elf Warper began the quest for the Orb.
     0 | D:1      | Reached XP level 1. HP: 14/14 MP: 4/4
   319 | D:1      | Reached XP level 2. HP: 6/19 MP: 6/6
   337 | D:1      | Reached skill level 1 in Armour
  1278 | D:1      | Reached XP level 3. HP: 24/24 MP: 8/8
  1828 | D:2      | Found a snail-covered altar of Cheibriados.
  1868 | D:2      | Learned a level 2 spell: Blink
  2300 | D:2      | Learned a level 2 spell: Shroud of Golubria
  3113 | D:2      | Reached XP level 4. HP: 25/30 MP: 9/9
  3191 | D:2      | Found a shattered altar of Ashenzari.
  3220 | D:2      | Found a burning altar of Makhleb.
  4131 | D:2      | Reached XP level 5. HP: 29/35 MP: 10/10
  5103 | D:3      | Found a basalt altar of Yredelemnul.
  5160 | D:3      | Reached skill level 4 in Translocations
  5240 | D:3      | Found a blossoming altar of Fedhas.
  5477 | D:3      | Found a stormy altar of Qazlal.
  5527 | D:3      | Reached skill level 1 in Charms
  5702 | D:3      | Reached XP level 6. HP: 17/41 MP: 12/12
  5983 | D:3      | Learned a level 3 spell: Portal Projectile
  6015 | D:3      | Reached skill level 1 in Stealth
  6760 | D:4      | Noticed WildSam's ghost (amateur DsSu)
  7163 | D:4      | Killed WildSam's ghost
  7163 | D:4      | Reached skill level 5 in Translocations
  7163 | D:4      | Reached XP level 7. HP: 9/46 MP: 9/14
  8461 | D:4      | Learned a level 3 spell: Teleport Other
  9590 | D:5      | Entered Level 5 of the Dungeon
  9659 | D:5      | Shot with an arrow of flame by a centaur

Vault maps used:
D:1:      roderic_crop_circles_arrival_small
D:2:      evilmike_ruin_ashenzari, lemuel_doored_altar, grunt_ministairs_11,
          makhleb_heckhound_becter
D:3:      lemuel_zombie_altar_yredelemnul, fedhas_altar_2,
          nicolae_qazlal_general_emergency
D:4:      first_bread, minmay_misc_feat_five
D:5:      overflow_temple_1_default, nicolae_ru_awakened_eye,
          kennysheep_mini_moat

Action                   |  1- 3 |  4- 6 |  7- 9 || total
-------------------------+-------+-------+-------++-------
Melee: Short sword       |   162 |       |       ||   162
       Dagger            |    64 |   335 |   105 ||   504
Throw: Stone             |    33 |    50 |     6 ||    89
       Tomahawk          |     2 |       |     6 ||     8
       Throwing net      |       |       |     2 ||     2
 Cast: Shroud of Golubri |     4 |    48 |    20 ||    72
       Blink             |       |     8 |     5 ||    13
       Portal Projectile |       |     6 |     4 ||    10
  Use: Scroll            |       |     2 |       ||     2
 Stab: Sleeping          |       |     1 |       ||     1
  Eat: Chunk             |     3 |    10 |     1 ||    14
       Bread ration      |     1 |     1 |     2 ||     4
       Beef jerky        |       |     1 |       ||     1
